AoeStats
← valjashestero

Arabia

510148556Analyzed
2v2 RM · 2d ago on Sep 29, 2026· 55m 36s· 4 players
Game mode
Random Map
Map size
Medium (4 player)
Population
200
Speed
Normal
Resources
Standard
Victory
Conquest
Starting age
Dark Age
Ending age
Imperial Age
RankedLock teamsTeams togetherTeam positionsShared explorationLock speedFull tech treeHidden civsTurbo modeCheats
Victory
Defeat
🇫🇮 Ethiopians · Finland
1046
+19
🇨🇿 Saracens · Czechia
942
+22
🇪🇪 Byzantines · Estonia
1163
-23
🇪🇪 Burgundians · Estonia
1032
-18
Durza007
2:37 Loom
7:47 Loom
9:56 Feudal Age
10:25 Double-Bit Axe
16:59 Fletching
23:07 Castle Age
22:16 Horse Collar
22:29 Gold Mining
22:29 Stone Mining
23:51 Bodkin Arrow
23:24 Crossbowman
24:59 Pikeman
27:28 Bow Saw
28:49 Padded Archer Armor
28:49 Scale Mail Armor
30:20 Wheelbarrow
29:31 Town Watch
35:57 Imperial Age
34:49 Hand Cart
35:02 Ballistics
36:38 Gold Shaft Mining
36:22 Leather Archer Armor
37:32 Town Patrol
39:43 Counterweights
38:58 Elite Mameluke
39:56 Arbalester
40:44 Thumb Ring
43:23 Chemistry
42:19 Murder Holes
46:05 Two-Man Saw
45:55 Bracer
48:31 Heavy Camel Rider
50:32 Chain Mail Armor
50:27 Forging
50:23 Scale Barding Armor
52:27 Plate Mail Armor
52:27 Ring Archer Armor
KinE
10:21 Feudal Age
11:00 Loom
11:06 Double-Bit Axe
11:11 Loom
12:40 Horse Collar
21:09 Castle Age
19:22 Fletching
20:27 Padded Archer Armor
22:24 Wheelbarrow
21:46 Bodkin Arrow
21:13 Elite Skirmisher
21:15 Crossbowman
22:01 Thumb Ring
23:03 Bow Saw
24:32 Squires
24:42 Town Watch
25:02 Scale Mail Armor
27:37 Chain Mail Armor
31:35 Heated Shot
32:07 Ballistics
33:43 Hand Cart
33:21 Gold Mining
33:23 Stone Mining
34:20 Leather Archer Armor
38:46 Imperial Age
39:03 Arbalester
40:09 Bracer
44:28 Chemistry
43:34 Siege Engineers
47:22 Conscription
47:03 Torsion Engines
47:24 Masonry
49:34 Halberdier
50:42 Forging
51:02 Plate Mail Armor
51:38 Caravan
52:12 Coinage
51:52 Guilds
53:35 Banking
54:40 Iron Casting
55:39 Ring Archer Armor
MJATEZHNIK.Bobihnoo
7:12 Loom
9:17 Feudal Age
11:17 Double-Bit Axe
13:55 Gold Mining
21:02 Castle Age
19:04 Horse Collar
20:15 Fletching
20:46 Padded Archer Armor
21:14 Crossbowman
22:10 Light Cavalry
26:17 Thumb Ring
29:40 Bodkin Arrow
29:32 Treadmill Crane
35:14 Ballistics
39:57 Wheelbarrow
42:39 Elite Skirmisher
valjashestero
9:34 Loom
11:45 Feudal Age
10:48 Double-Bit Axe
18:21 Castle Age
17:37 Scale Barding Armor
17:49 Gold Mining
18:12 Horse Collar
21:45 Husbandry
24:06 Heavy Plow
23:36 Cavalier
25:52 Forging
26:48 Chain Barding Armor
28:52 Iron Casting
31:57 Crop Rotation
34:12 Crossbowman
35:38 Fletching
35:48 Padded Archer Armor
37:43 Bodkin Arrow
38:03 Leather Archer Armor
37:47 Elite Skirmisher
39:36 Gold Shaft Mining
41:03 Ballistics
43:35 Imperial Age
45:19 Chemistry
44:46 Bracer
45:22 Plate Barding Armor
45:48 Blast Furnace
44:19 Paladin
53:01 Burgundian Vineyards
Connection lost

Rejoining the realm…

Still unreachable

The connection could not be restored.

Session expired

The server has moved on; the page needs a fresh start.